 Dungeon Crawl Stone Soup version 0.30-a0-721-ga6a225cb13 (webtiles) character file.

Game seed: 12430620894389143545

8741 Fenrisus the Fighter (level 11, -5/117 HPs)
             Began as a Troll Fighter on Jan 27, 2023.
             Was an Initiate of Gozag.
             Slain by a troll (13 damage)
             ... on level 10 of the Dungeon.
             The game lasted 00:30:52 (9247 turns).

Fenrisus the Fighter (Troll Fighter)                Turns: 9247, Time: 00:30:53

Health: -5/117     AC: 10    Str: 30    XL:     11   Next: 13%
Magic:  10/10      EV: 12    Int:  4    God:    Gozag
Gold:   1894       SH: 14    Dex: 15    Spells: 10/10 levels left

rFire   + . .      SeeInvis .      - Unarmed
rCold   + + .      Faith    .    b - +3 kite shield
rNeg    . . .      Spirit   .    a - +1 robe
rPois   +          Reflect  .    (helmet restricted)
rElec   +          Harm     .    t - +2 cloak
rCorr   +          Rampage  .    (gloves unavailable)
Will    .....      Clarity  +    (boots unavailable)
Stlth   +                        (no amulet)
HPRegen 1.19/turn                h - +6 ring of dexterity
MPRegen 0.12/turn                f - ring of protection from cold

@: mighty, resistant, studying Fighting
A: large, unfitting armour, claws 3, regeneration 1, shaggy fur 1, tough skin 1,
iridescent scales 1, clarity, mutation resistance 1, no potion heal 1
a: Renounce Religion, Potion Petition, Call Merchant, Bribe Branch


You were on level 10 of the Dungeon.
You worshipped Gozag.
Gozag was most pleased with you.
You visited 2 branches of the dungeon, and saw 11 of its levels.
You also visited: Ossuary.

You collected 2146 gold pieces.
You spent 121 gold pieces at shops.
You paid 131 gold pieces to Gozag.

Inventory:

Armour
 a - a +1 robe (worn)
 b - a +3 kite shield (worn)
 s - the +5 ring mail "Vesyram" {*Corrode Regen+ Dex+3}
   (You found it on level 5 of the Dungeon)

   Dex:       It affects your dexterity (+3).
   Regen:     It increases your rate of health regeneration.
   *Corrode:  It may corrode you when you take damage.
 t - a +2 cloak (worn)
 v - the +2 cloak of Owkauk {rPois rF+ Int-5}
   (You acquired it in an ossuary)

   Int:       It affects your intelligence (-5).
   rF:        It protects you from fire.
   rPois:     It protects you from poison.
 y - a scarf of harm
Jewellery
 f - a ring of protection from cold (right claw)
 h - a +6 ring of dexterity (left claw)
 i - a ring of willpower
 C - a ring of see invisible
Wands
 c - a wand of mindburst (7)
 o - a wand of digging (7)
Scrolls
 g - 2 scrolls of identify
 k - 2 scrolls of blinking
 m - a scroll of amnesia
 p - a scroll of fog
 u - 2 scrolls of enchant weapon
 w - 4 scrolls of teleportation
Potions
 d - 2 potions of heal wounds
 e - a potion of lignification
 j - 2 potions of curing
 l - 2 potions of magic {unknown}
 n - a potion of cancellation
 q - 2 potions of brilliance
 r - 2 potions of haste
 A - 2 potions of invisibility
 B - 3 potions of flight


   Skills:
 + Level 10.1 Fighting
 + Level 7.7 Dodging
 + Level 8.5 Shields
 + Level 9.0 Unarmed Combat


You had 10 spell levels left.
You didn't know any spells.
Your spell library contained the following spells:

 Spells                   Type           Power      Damage    Failure   Level
 Apportation              Tloc           0%         N/A       73%         1
 Foxfire                  Conj/Fire      0%         2x1d4     73%         1
 Necrotise                Necr           0%         1d4       73%         1
 Sandblast                Erth           0%         2d4       73%         1
 Shock                    Conj/Air       0%         1d3       73%         1
 Summon Small Mammal      Summ           0%         N/A       73%         1
 Blink                    Tloc           0%         N/A       86%         2
 Cigotuvi's Dreadful Rot  Necr/Pois/Air  0%         N/A       86%         2
 Passwall                 Tmut/Erth      0%         N/A       86%         2
 Poisonous Vapours        Pois/Air       0%         N/A       86%         2
 Dazzling Flash           Conj/Hex       0%         N/A       97%         3
 Ignite Poison            Fire/Tmut/Pois 0%         N/A       97%         3
 Kindle Blastsparks       Fire/Tloc/Air  0%         2d10      97%         3
 Mephitic Cloud           Conj/Pois/Air  0%         N/A       97%         3
 Stone Arrow              Conj/Erth      0%         3d7       97%         3
 Swiftness                Air            0%         N/A       97%         3
 Airstrike                Air            0%         2d(0-16)  100%        4
 Iskenderun's Mystic Bla  Conj/Tloc      0%         2d3       100%        4
 Manifold Assault         Tloc           0%         N/A       100%        4
 Fireball                 Conj/Fire      0%         3d3       100%        5
 Freezing Cloud           Conj/Ice/Air   0%         6-21      100%        5
 Starburst                Conj/Fire      0%         6d3       100%        6
 Storm Form               Tmut/Air       0%         N/A       100%        7


Dungeon Overview and Level Annotations

Branches:
Dungeon (10/15)            Temple (1/1) D:5         Ossuary (visited)
   Lair: D:8-11         Orc: D:9-12

Altars:
Ashenzari
Cheibriados
Dithmenos
Elyvilon
Fedhas
Gozag
Hepliaklqana
Kikubaaqudgha
Makhleb
Nemelex Xobeh
Okawaru
Qazlal
Ru
Sif Muna
Trog
Uskayaw
Vehumet
Wu Jian
Xom
Yredelemnul
Zin
The Shining One

Shops:
D:4 *:(

Annotations:
D:10 1 runed translucent door, bratinateska's ghost, novice DsFi


Innate Abilities, Weirdness & Mutations

You are too large for most types of armour.
You have claws for hands.
Your natural rate of healing is unusually fast.
You are covered in fur. (AC +1)
You have tough skin. (AC +1)
You are partially covered in iridescent scales. (AC +2)
You possess an exceptional clarity of mind.
You are somewhat resistant to further mutation.
Potions are less effective at restoring your health.


Message History

The troll attacks as you move away! You block the troll's attack.
The troll claws you.
* * * LOW HITPOINT WARNING * * *
You block the troll's attack.
The electric eel shoots out a bolt of lightning at you!
The bolt of electricity hits you!
* * * LOW HITPOINT WARNING * * *
The troll attacks as you move away! The troll bites you but does no damage.
You block the troll's attack. x2
You see here 6 gold pieces.
You see here 5 gold pieces.
The troll attacks as you move away! You block the troll's attack. x2
The troll claws you!
* * * LOW HITPOINT WARNING * * *
You mangle the troll!!
The troll is heavily wounded.
You barely miss the troll.
The troll is heavily wounded.
The troll bites you!
* * * LOW HITPOINT WARNING * * *
The troll claws you but does no damage. You block the troll's attack.
You barely miss the troll.
The troll is heavily wounded.
You block the troll's attack. The troll barely misses you.
The troll closely misses you.
You barely miss the troll.
The troll is heavily wounded.
The troll closely misses you. The troll barely misses you.
You block the troll's attack.
Your system partially rejects the healing.
You feel better. You block the troll's attack. The troll claws you!
* * * LOW HITPOINT WARNING * * *
The troll claws you.
* * * LOW HITPOINT WARNING * * *
You feel protected. You block the troll's attack. x3
You feel very mighty all of a sudden. The troll bites you!
You die...
Your body crumbles into a pile of gold.

≈~~.~.~S...###.....#.....
.~S.~.S......#.....#.....
.............#.....#..###
$........$...#.....#..#..
.....#..#....#.....#..#..
#### #..#$...#.....#..#..
....#....#.....#..#..
..####T...#.....#..#..
#########?.@....#.....####..
#...............#.....# ...
#.......####....#.....# .###
#.......#.......#.....####..
#########.......#.....#..#..
####....#.....#..#..
#....####..#..#..
#................
#................


You could see a troll.

Vanquished Creatures
  Joseph (D:8)
  A gargoyle (D:8)
  The ghost of crabbyslav the Slasher, a novice DjCA of Ignis (D:5)
  Psyche (D:8)
  2 trolls
  A hornet (D:8)
  Prince Ribbit (D:8)
  2 wyverns
  A wraith (D:9)
  8 yaks
  2 steam dragons
  An acid dragon (D:10)
  Duvessa (D:6)
  2 ice beasts (D:7)
  5 black bears
  2 orc warriors
  2 sky beasts
  3 ogres
  A wolf (D:10)
  2 phantoms (D:6)
  3 kobold brigands
  3 bullfrogs
  2 necrophages
  Blork the orc (D:4)
  4 scorpions
  3 wights (D:6)
  Dowan (D:6)
  14 killer bees
  A howler monkey (D:5)
  4 hounds
  A human zombie (Ossuary)
  A gnoll bouda (D:7)
  7 orc priests
  Crazy Yiuf (D:4)
  13 orc wizards
  4 iguanas
  3 mummies (Ossuary)
  9 adders
  19 gnolls
  2 white imps
  An adder zombie (Ossuary)
  A worm (D:2)
  3 dart slugs
  32 orcs
  9 endoplasms
  2 giant cockroaches (D:3)
  A gnoll zombie (Ossuary)
  12 goblins
  9 hobgoblins
  17 kobolds
  3 quokkas
  9 ball pythons
  10 bats
  7 frilled lizards
  2 hobgoblin zombies (Ossuary)
  5 kobold zombies (Ossuary)
  2 quokka zombies (Ossuary)
  2 rats (D:2)
  6 rat zombies (Ossuary)
269 creatures vanquished.

Vanquished Creatures (collateral kills)
  4 killer bees
  A white imp (D:8)
5 creatures vanquished.

Vanquished Creatures (others)
  An orc wizard (D:6)
  An adder (D:8)
  7 fungi (D:8)
9 creatures vanquished.

Grand Total: 283 creatures vanquished

Notes
Turn   | Place    | Note
-------+----------+-------------------------------------------
     0 | D:1      | Fenrisus the Troll Fighter began the quest for the Orb.
     0 | D:1      | Reached XP level 1. HP: 22/22 MP: 0/0
   463 | D:1      | Reached XP level 2. HP: 29/29 MP: 1/1
   928 | D:2      | Reached XP level 3. HP: 36/36 MP: 2/2
   974 | D:2      | You fall into a shaft and drop 1 floor!
  1850 | D:3      | Reached XP level 4. HP: 44/44 MP: 3/3
  2172 | D:3      | Reached skill level 3 in Fighting
  2768 | D:4      | Noticed Blork the orc
  2769 | D:4      | Found Menuvoad's Book Boutique.
  2775 | D:4      | Killed Blork the orc
  2776 | D:4      | Reached XP level 5. HP: 39/53 MP: 4/4
  3010 | D:4      | Found Icuqoj's General Store.
  3015 | D:4      | Bought 2 potions of might for 88 gold pieces
  3015 | D:4      | Bought a potion of curing for 33 gold pieces
  3095 | D:4      | Found a runed translucent door.
  3096 | D:4      | Noticed Crazy Yiuf
  3154 | D:4      | Noticed an ogre
  3162 | D:4      | Killed an ogre
  3163 | D:4      | Reached XP level 6. HP: 61/61 MP: 5/5
  3215 | D:4      | Killed Crazy Yiuf
  3311 | D:4      | Found Gommog's Weapon Shop.
  3587 | D:5      | Entered Level 5 of the Dungeon
  3659 | D:5      | Reached XP level 7. HP: 66/68 MP: 6/6
  3673 | D:5      | Reached skill level 4 in Fighting
  3730 | D:5      | Found a staircase to the Ecumenical Temple.
  3813 | D:5      | Identified the +5 ring mail "Vesyram" {*Corrode Regen+
                  | Dex+3}
  3840 | Temple   | Entered the Ecumenical Temple
  4328 | D:5      | Found a runed translucent gate.
  4361 | D:5      | Identified a scroll of acquirement
  4361 | D:5      | Acquired a manual of Fighting
  4364 | D:5      | Found a runed translucent gate.
  4364 | D:5      | Found a runed translucent gate.
  4364 | D:5      | Found an opulent altar of Gozag.
  4367 | D:5      | Noticed crabbyslav's ghost (novice DjCA)
  4393 | D:5      | Killed crabbyslav's ghost
  4394 | D:5      | Reached skill level 5 in Fighting
  4394 | D:5      | Reached skill level 5 in Shields
  4394 | D:5      | Reached skill level 5 in Unarmed Combat
  4394 | D:5      | Reached XP level 8. HP: 41/80 MP: 7/7
  4444 | D:5      | Became a worshipper of Gozag Ym Sagoz the Greedy
  4567 | D:6      | Reached skill level 5 in Dodging
  4961 | D:6      | Reached skill level 6 in Fighting
  5057 | D:6      | Reached XP level 9. HP: 88/92 MP: 8/8
  5447 | D:6      | Noticed Duvessa
  5447 | D:6      | Noticed Dowan
  5453 | D:6      | Killed Dowan
  5454 | D:6      | Reached skill level 7 in Fighting
  5464 | D:6      | Killed Duvessa
  5912 | D:7      | Gained mutation: You are somewhat resistant to further
                  | mutation. [potion of mutation]
  5912 | D:7      | Gained mutation: You are partially covered in iridescent
                  | scales. (AC +2) [potion of mutation]
  5912 | D:7      | Gained mutation: Potions are less effective at restoring
                  | your health. [potion of mutation]
  5912 | D:7      | Gained mutation: You possess an exceptional clarity of
                  | mind. [potion of mutation]
  6377 | D:7      | Reached skill level 8 in Fighting
  6424 | D:8      | Reached XP level 10. HP: 94/104 MP: 9/9
  6468 | D:8      | Found a sand-covered staircase.
  6472 | Ossuary  | Entered an ossuary
  6731 | Ossuary  | Acquired the +2 cloak of Owkauk {rPois rF+ Int-5}
  6743 | Ossuary  | Lost intelligence.
  6797 | D:8      | Found a bloodstained altar of Trog.
  6797 | D:8      | Found a glowing golden altar of the Shining One.
  6798 | D:8      | Found a burning altar of Makhleb.
  6812 | D:8      | Found a shadowy altar of Dithmenos.
  7028 | D:8      | Noticed Joseph
  7073 | D:8      | Killed Joseph
  7147 | D:8      | Noticed a gargoyle
  7159 | D:8      | Killed a gargoyle
  7271 | D:8      | Reached skill level 9 in Fighting
  7412 | D:8      | Noticed Psyche
  7420 | D:8      | Killed Psyche
  7558 | D:8      | Found a white marble altar of Elyvilon.
  7700 | D:8      | Noticed Prince Ribbit
  7734 | D:8      | Killed Prince Ribbit
  8048 | D:9      | Found a shimmering blue altar of Sif Muna.
  8243 | D:9      | Found a shimmering altar of Xom.
  8499 | D:9      | Reached XP level 11. HP: 115/117 MP: 10/10
  8890 | D:10     | Entered Level 10 of the Dungeon
  8905 | D:10     | Found a runed translucent door.
  8906 | D:10     | Found a shimmering altar of Xom.
  8906 | D:10     | Noticed bratinateska's ghost (novice DsFi)
  8906 | D:10     | Noticed a +0 war axe of chaos
  8932 | D:10     | Reached skill level 10 in Fighting
  9245 | D:10     | HP: 5/117 [troll (5)]
  9247 | D:10     | Slain by a troll

Illustrated notes

Levels and vault maps discovered:
D:1:      ncdulo_lavacross, layout_loops_corners, serial_glass, glass_columns_a,
          glass_columns_a, glass_columns_b, glass_columns_a, glass_columns_a,
          glass_columns_a, glass_columns_b, glass_columns_a
D:2:      layout_basic
D:3:      layout_loops_corners, kennysheep_boxes
D:4:      layout_loops_ring, serial_shops, shop_fountains,
          nicolae_shop_bloodbath_and_beyond, shop, kennysheep_generic_room_16,
          uniq_blork_the_orc, uniq_crazy_yiuf_cottage
D:5:      layout_gridville, minmay_temple_entry_proselytizer,
          ebering_ghost_gozag
D:6:      layout_basic, grunt_potential, uniq_duvessa
D:7:      layout_loops_cross
D:8:      old_forge, layout_basic, nicolae_overflow_quartered_altars,
          nicolae_dithmenos_shadow_blocks, enter_ossuary_5, uniq_joseph,
          uniq_prince_ribbit1, uniq_psyche
D:9:      layout_basic, amcnicky_altar_gilded, marbit_many_paths
D:10:     layout_grid_maze, mainiacjoe_overflow_catwalk, erik_lair_island,
          david_orc_4, ebering_ghost_xom
Temple:   nicolae_temple_bog_church

Skill      XL: |  1  2  3  4  5  6  7  8  9 10 11 |
---------------+----------------------------------+-----
Shields        | 3 4 5 6 7 8 |  8.5
Dodging        | 3 4 5 6 7 |  7.7
Fighting       | 3 5 6 8 9 10 | 10.1
Unarmed Combat | 3 4 5 6 7 8 9 |  9.0

Action                     |  1- 3 |  4- 6 |  7- 9 | 10-12 || total
---------------------------+-------+-------+-------+-------++-------
  Melee: Unarmed           |   143 |   161 |   275 |   279 ||   858
  Evoke: Wand              |       |       |     8 |     6 ||    14
    Use: Scroll            |       |    13 |     6 |     6 ||    25
         Potion            |       |     4 |    14 |     7 ||    25
   Stab: Sleeping          |     1 |       |       |       ||     1
         Distracted        |       |       |     2 |     1 ||     3
 Armour: Robe              |    66 |    46 |    79 |    73 ||   264
  Dodge: Dodged            |    58 |    32 |    93 |   108 ||   291
  Block: Kite shield       |    70 |    69 |   200 |   220 ||   559

Table legend: (Time is in decaauts)
 A = Elapsed time spent in this place.
 B = Non-inter-level travel time spent in this place.
 C = Inter-level travel time spent in this place.
 D = Time resting spent in this place.
 E = Time spent auto-exploring this place.
 F = Levels seen in this place.
 G = Mean time per level.
                   A        B        C        D        E       F      G
               +--------+--------+--------+--------+--------+-----+--------+
         Total |   9261 |   7919 |   1342 |    412 |   5389 |  12 |  771.8 |
       Dungeon |   8727 |   7430 |   1297 |    379 |   5241 |  10 |  872.7 |
        Temple |    201 |    156 |     45 |      0 |    148 |   1 |  201.0 |
       Ossuary |    331 |    331 |      0 |     33 |      0 |   1 |  331.0 |
               +--------+--------+--------+--------+--------+-----+--------+

Top non-repeatable levels by time:
     D:8: 1158 daAuts
     D:6: 1121 daAuts
     D:9: 1005 daAuts
     D:3: 978 daAuts
     D:2: 912 daAuts
     D:1: 868 daAuts
     D:4: 850 daAuts
     D:5: 743 daAuts
     D:7: 735 daAuts
    D:10: 354 daAuts
 Ossuary: 331 daAuts
  Temple: 201 daAuts
